 Dungeon Crawl Stone Soup version 0.28.0-53-g5a82cb258f (webtiles) character file.

Game seed: 15718056066780232751

40 Zeld the Magician (level 3, 0/19 HPs)
             Began as a Deep Elf Fire Elementalist on May 22, 2022.
             Succumbed to a scorpion's poison
             ... on level 2 of the Dungeon.
             The game lasted 00:01:32 (2030 turns).

Zeld the Magician (Deep Elf Fire Elementalist)      Turns: 2030, Time: 00:01:33

Health: 0/19       AC:  3    Str:  5    XL:     3   Next: 30%
Magic:  1/10       EV: 12    Int: 21    God:
Gold:   41         SH:  0    Dex: 15    Spells: 4/10 levels left

rFire   . . .      SeeInvis .   (no weapon)
rCold   . . .      Faith    .   (no shield)
rNeg    . . .      Spirit   .   a - +0 robe
rPois   .          Reflect  .   c - +0 helmet
rElec   .          Harm     .   (no cloak)
rCorr   .          Rampage  .   (no gloves)
Will    .....                   (no boots)
Stlth   ++........              (no amulet)
HPRegen 0.06/turn               (no ring)
MPRegen 0.12/turn               (no ring)

@: lethally poisoned (0 -> -3)
A: no striking features
a: no special abilities


You were on level 2 of the Dungeon.
You visited 1 branch of the dungeon, and saw 2 of its levels.

You collected 41 gold pieces.

Inventory:

Armour
 a - a +0 robe (worn)
 c - a +0 helmet (worn)
Scrolls
 b - a scroll of teleportation {unknown}
 d - a scroll of magic mapping {unknown}
 e - a scroll of holy word {unknown}


   Skills:
 - Level 2.4 Dodging
 - Level 2.4 Stealth
 * Level 4.0 Spellcasting
 + Level 1.8 Conjurations
 + Level 0.1 Hexes
 * Level 4.0 Fire Magic


You had 4 spell levels left.
You knew the following spells:

 Your Spells              Type           Power      Damage    Failure   Level
a - Foxfire               Conj/Fire      64%        2x1d7     3%          1
b - Scorch                Fire           42%        2d7       3%          2
c - Inner Flame           Hex/Fire       12%        N/A       16%         3

Your spell library contained the following spells:

 Spells                   Type           Power      Damage    Failure   Level
 Conjure Flame            Conj/Fire      16%        6-21      11%         3
 Flame Wave               Conj/Fire      16%        2d6       34%         4


Dungeon Overview and Level Annotations

Branches:
Dungeon (2/15)

Altars:


Message History

You kill the endoplasm!
Your Fire Magic skill increases to level 4!
Found 2 scrolls labelled VAB AHAEKOOVUC.
Found a scale mail.
Found 2 green potions.
You see here a rat corpse.
You see here 10 gold pieces.
You see here a +6 ring of strength.
Casting: Scorch (safe; 3% risk of failure)
Confirm with . or Enter, or press ? or * to list all spells.
Flames lash the scorpion but do no damage.
The scorpion misses you.
Unknown command.
Casting: Scorch (safe; 3% risk of failure)
Confirm with . or Enter, or press ? or * to list all spells.
Flames lash the scorpion.
The scorpion is moderately wounded.
The scorpion's fire resistance burns away.
The scorpion stings you.
Unknown command.
The scorpion stings you!
You are lethally poisoned!
The scorpion poisons you!
You feel very sick.
You feel sick.
The scorpion is no longer more vulnerable to fire.
* * * LOW HITPOINT WARNING * * *
You feel sick.
You see here an adder corpse.
Unknown command.
* * * LOW HITPOINT WARNING * * *
You feel sick. The scorpion barely misses you.
* * * LOW HITPOINT WARNING * * *
You feel sick.
Unknown command.
Press: ? - help, v - describe, . - travel The floor.
* * * LOW HITPOINT WARNING * * *
You feel sick.
You die...

####### ##### #.....#
#...## ####.....#
##....#
.........####...#.##
#......=...†.......#
#.##...<$###.s.###..
........†###.#.# #
....#....#....@#.#...
.#...###...#.........#
###. ##.....##.##.?. #
#....###.# ..#
....#.#[.........
#......###.#...#.#
.!..<... ..##.##...
#...^... ... ... .#
######...... #..


You could see a scorpion.

Vanquished Creatures
  An adder (D:2)
  A dart slug (D:2)
  5 endoplasms
  2 giant cockroaches (D:1)
  A goblin (D:2)
  2 hobgoblins (D:1)
  3 jackals (D:1)
  4 ball pythons (D:1)
  2 bats (D:1)
  3 frilled lizards (D:1)
  2 kobolds (D:1)
  4 rats
30 creatures vanquished.

Vanquished Creatures (others)
  41 foxfires (D:1)
41 creatures vanquished.

Grand Total: 71 creatures vanquished

Notes
Turn   | Place    | Note
-------+----------+-------------------------------------------
     0 | D:1      | Zeld the Deep Elf Fire Elementalist began the quest for the
                  | Orb.
     0 | D:1      | Reached XP level 1. HP: 10/10 MP: 6/6
   763 | D:1      | Reached XP level 2. HP: 15/15 MP: 5/8
  1122 | D:1      | Learned a level 2 spell: Scorch
  1355 | D:1      | Found a faded altar of an unknown god.
  1776 | D:2      | Noticed a scorpion
  1974 | D:2      | Reached XP level 3. HP: 18/19 MP: 6/10
  1978 | D:2      | Learned a level 3 spell: Inner Flame
  2030 | D:2      | Succumbed to a scorpion's poison

Illustrated notes

Levels and vault maps discovered:
D:1:      onia_arrival_pentagram, layout_basic, ebering_ecumenical_altar_ruins
D:2:      layout_rooms, serial_forest, infiniplex_forest_lined_room_3,
          infiniplex_forest_straight_5, infiniplex_forest_3_way,
          infiniplex_forest_fountain, infiniplex_forest_lined_2,
          infiniplex_forest_clump_small, infiniplex_forest_lined_room_,
          minmay_fractal_squares_5

Skill      XL: |  1  2  3 |
---------------+----------+-----
Spellcasting   | 4 |  4.0
Fire Magic     | 4 |  4.0
Dodging        | |  2.4
Stealth        | |  2.4
Conjurations   | |  1.8
Hexes          | |  0.1

Action                   || total
-------------------------++-------
Melee: Unarmed           ||    16
 Cast: Foxfire           ||    36
       Scorch            ||    23
 Stab: Sleeping          ||     2
Armor: Robe              ||    15
Dodge: Dodged            ||    37
